SL
FT. WORTH CATTLEMEN @ ATHLETIC CLUB KC
09/15/2030
 
TOP OF THE 1ST
Ft. Worth Cattlemen batting - Pitching for Athletic Club KC : RHP Juan Torres
Pitching: RHP Juan Torres
Batting: SHB Javier Vázquez 0-0: Ball
1-0: Called Strike
1-1: Ball
2-1: Swinging Strike
2-2: Strikes out swinging
Batting: LHB Chris Etheridge 0-0: Called Strike
0-1: Ball
1-1: Foul Ball, location: 2F
1-2: Foul Ball, location: 2F
1-2: Ground out 3-1 (Groundball, 34)
Batting: RHB Bart Lewis 0-0: Ball
1-0: Foul Ball, location: 2F
1-1: Ball
2-1: Foul Ball, location: 2F
2-2: Ground out 4-3 (Groundball, 4)
Top of the 1st over - 0 runs, 0 hits, 0 errors, 0 left on base; Ft. Worth 0 - Athletic Club KC 0
BOTTOM OF THE 1ST
Athletic Club KC batting - Pitching for Ft. Worth Cattlemen : RHP Gustavo Pérez
Pitching: RHP Gustavo Pérez
Batting: RHB Jesús Vargas 0-0: Swinging Strike
0-1: Ball
1-1: Fly out, F3 (Popup, 3SF)
Batting: RHB Dong-min Cho 0-0: Swinging Strike
0-1: Ball
1-1: Called Strike
1-2: Strikes out swinging
Batting: LHB Tsai Ng 0-0: Ground out 3-1 (Groundball, 34S)
Bottom of the 1st over - 0 runs, 0 hits, 0 errors, 0 left on base; Ft. Worth 0 - Athletic Club KC 0
TOP OF THE 2ND
Ft. Worth Cattlemen batting - Pitching for Athletic Club KC : RHP Juan Torres
Batting: RHB Gilberto Juárez 0-0: Swinging Strike
0-1: Called Strike
0-2: Strikes out swinging
Batting: LHB Rick Mayfield 0-0: Ball
1-0: Foul Ball, location: 2F
1-1: Ball
2-1: Ball
3-1: Called Strike
3-2: Strikes out swinging
Batting: SHB Roberto Mosca 0-0: Ground out 4-3 (Groundball, 4)
Top of the 2nd over - 0 runs, 0 hits, 0 errors, 0 left on base; Ft. Worth 0 - Athletic Club KC 0
BOTTOM OF THE 2ND
Athletic Club KC batting - Pitching for Ft. Worth Cattlemen : RHP Gustavo Pérez
Batting: LHB Jesús Reyes 0-0: Called Strike
0-1: SINGLE (Groundball, 6MD)
Batting: SHB Pedro Vázquez 0-0: Ball
1-0: Ball
2-0: Foul Ball, location: 2F
2-1: Foul Ball, location: 2F
2-2: Ball
3-2: Base on Balls
Jesús Reyes to second
Batting: LHB Manuel Domínguez 0-0: Ball
1-0: Ball
2-0: Swinging Strike
2-1: Grounds out, U3 (Groundball, 3L)
Jesús Reyes to third
Batting: RHB Richard Younger 0-0: Swinging Strike
0-1: Fly out, F5 (Popup, 5S)
Batting: SHB Sang-your Yu 0-0: Called Strike
0-1: Foul Ball, location: 2F
0-2: Ground out 6-3 (Groundball, 6)
Bottom of the 2nd over - 0 runs, 1 hit, 0 errors, 2 left on base; Ft. Worth 0 - Athletic Club KC 0
TOP OF THE 3RD
Ft. Worth Cattlemen batting - Pitching for Athletic Club KC : RHP Juan Torres
Batting: LHB Nobuo Yamashita 0-0: Foul Ball, location: 2F
0-1: Ball
1-1: Foul Ball, location: 2F
1-2: Ball
2-2: Strikes out swinging
Batting: RHB Lloyd Alberink 0-0: Called Strike
0-1: Swinging Strike
0-2: Ball
1-2: Strikes out swinging
Batting: SHB Robby Day 0-0: Ball
1-0: Ball
2-0: Called Strike
2-1: Reached on error, E3 (Groundball, 34S)
Batting: SHB Javier Vázquez 0-0: Ball
1-0: Fielders Choice at 2nd, 5-4 (Groundball, 5L)
Top of the 3rd over - 0 runs, 0 hits, 1 error, 1 left on base; Ft. Worth 0 - Athletic Club KC 0
BOTTOM OF THE 3RD
Athletic Club KC batting - Pitching for Ft. Worth Cattlemen : RHP Gustavo Pérez
Batting: RHB Khal Drogo 0-0: Foul Ball, location: 2F
0-1: Fly out, F6 (Flyball, 56D)
Batting: RHB Jesús Vargas 0-0: Ball
1-0: Ball
2-0: Called Strike
2-1: Foul Ball, location: 2F
2-2: SINGLE (Groundball, 6MD)
Batting: RHB Dong-min Cho 0-0: Ball
1-0: Foul Ball, location: 2F
1-1: Foul Ball, location: 2F
1-2: Ball
2-2: Ball
3-2: Grounds into double play, 4-6-3 (Groundball, 4)
Bottom of the 3rd over - 0 runs, 1 hit, 0 errors, 0 left on base; Ft. Worth 0 - Athletic Club KC 0
TOP OF THE 4TH
Ft. Worth Cattlemen batting - Pitching for Athletic Club KC : RHP Juan Torres
Batting: LHB Chris Etheridge 0-0: Ball
1-0: Called Strike
1-1: Swinging Strike
1-2: Fly out, F4 (Popup, 4)
Batting: RHB Bart Lewis 0-0: Fly out, F6 (Flyball, 6D)
Batting: RHB Gilberto Juárez 0-0: Called Strike
0-1: Ball
1-1: Foul Ball, location: 2F
1-2: Foul Ball, location: 2F
1-2: Ground out 6-3 (Groundball, 6S)
Top of the 4th over - 0 runs, 0 hits, 0 errors, 0 left on base; Ft. Worth 0 - Athletic Club KC 0
BOTTOM OF THE 4TH
Athletic Club KC batting - Pitching for Ft. Worth Cattlemen : RHP Gustavo Pérez
Batting: LHB Tsai Ng 0-0: Called Strike
0-1: Ground out 4-3 (Groundball, 4)
Batting: LHB Jesús Reyes 0-0: Called Strike
0-1: Ball
1-1: Ground out 4-3 (Groundball, 4)
Batting: SHB Pedro Vázquez 0-0: Fly out, F7 (Flyball, 7)
Bottom of the 4th over - 0 runs, 0 hits, 0 errors, 0 left on base; Ft. Worth 0 - Athletic Club KC 0
TOP OF THE 5TH
Ft. Worth Cattlemen batting - Pitching for Athletic Club KC : RHP Juan Torres
Batting: LHB Rick Mayfield 0-0: Called Strike
0-1: Foul Ball, location: 2F
0-2: SOLO HOME RUN (Flyball, 7D), Distance : 393 ft
Batting: SHB Roberto Mosca 0-0: Called Strike
0-1: Called Strike
0-2: Strikes out swinging
Batting: LHB Nobuo Yamashita 0-0: Foul Ball, location: 2F
0-1: Ball
1-1: Ball
2-1: SINGLE (Line Drive, 89S)
Batting: RHB Lloyd Alberink 0-0: Ball
1-0: Called Strike
1-1: Ball
2-1: Ground out 3-1 (Groundball, 34S)
Nobuo Yamashita to second
Batting: SHB Robby Day 0-0: Ball
Nobuo Yamashita is caught stealing 3rd base
Top of the 5th over - 1 run, 2 hits, 0 errors, 0 left on base; Ft. Worth 1 - Athletic Club KC 0
BOTTOM OF THE 5TH
Athletic Club KC batting - Pitching for Ft. Worth Cattlemen : RHP Gustavo Pérez
Batting: LHB Manuel Domínguez 0-0: Ground out 4-3 (Groundball, 4D)
Batting: RHB Richard Younger 0-0: Ball
1-0: Ball
2-0: Ball
3-0: Base on Balls
Batting: SHB Sang-your Yu 0-0: Ball
1-0: Ball
2-0: Called Strike
2-1: Foul Ball, location: 2F
2-2: Fly out, F7 (Flyball, 7LMF)
Batting: RHB Khal Drogo 0-0: Ball
1-0: Called Strike
Richard Younger steals 2nd base
1-1: SINGLE (Line Drive, 78M)
Richard Younger to third
Runner from 3rd tries for Home, SAFE, no throw
Batting: RHB Jesús Vargas 0-0: Ball
Khal Drogo steals 2nd base
1-0: Ball
2-0: Ground out 6-3 (Groundball, 6M)
Bottom of the 5th over - 1 run, 1 hit, 0 errors, 1 left on base; Ft. Worth 1 - Athletic Club KC 1
TOP OF THE 6TH
Ft. Worth Cattlemen batting - Pitching for Athletic Club KC : RHP Juan Torres
Batting: SHB Robby Day 0-0: Ball
1-0: DOUBLE (Line Drive, 7D)
Batting: SHB Javier Vázquez 0-0: Intentional Walk
Batting: LHB Chris Etheridge 0-0: Bunted foul
0-1: Bunted foul
0-2: Ball
1-2: Ball
2-2: Ball
3-2: Base on Balls
Robby Day to third
Javier Vázquez to second
Batting: RHB Bart Lewis 0-0: Called Strike
0-1: Fly out, F8 (Flyball, 8RM)
Runner from 3rd tags up, SCORES, throw made
Javier Vázquez to third
Batting: RHB Gilberto Juárez 0-0: Ball
Chris Etheridge steals 2nd base
1-0: Ball
2-0: Called Strike
2-1: Ball
3-1: Base on Balls
Batting: LHB Rick Mayfield 0-0: Swinging Strike
0-1: Foul Ball, location: 2F
0-2: Ball
1-2: Ball
2-2: Foul Ball, location: 2F
2-2: Foul Ball, location: 2F
2-2: Foul Ball, location: 2F
2-2: Hit by Pitch
Javier Vázquez scores
Chris Etheridge to third
Gilberto Juárez to second
Batting: SHB Roberto Mosca 0-0: Ball
1-0: Ball
2-0: Ball
3-0: Called Strike
3-1: Base on Balls
Chris Etheridge scores
Gilberto Juárez to third
Rick Mayfield to second
Batting: LHB Nobuo Yamashita 0-0: Ball
1-0: Called Strike
1-1: Foul Ball, location: 2F
1-2: Ball
2-2: Foul Ball, location: 2F
2-2: Fly out, F7 (Flyball, 7S)
Runner from 3rd tags up, SCORES, throw made
Batting: RHB Lloyd Alberink 0-0: Called Strike
0-1: Ball
1-1: Ball
2-1: Swinging Strike
2-2: Ball
3-2: Strikes out looking
Top of the 6th over - 4 runs, 1 hit, 0 errors, 2 left on base; Ft. Worth 5 - Athletic Club KC 1
BOTTOM OF THE 6TH
Athletic Club KC batting - Pitching for Ft. Worth Cattlemen : RHP Gustavo Pérez
Batting: RHB Dong-min Cho 0-0: Called Strike
0-1: Ball
1-1: Swinging Strike
1-2: Ball
2-2: Fly out, F3 (Line Drive, 3)
Batting: LHB Tsai Ng 0-0: Ground out 6-3 (Groundball, 6)
Batting: LHB Jesús Reyes 0-0: Ball
1-0: Ball
2-0: Ball
3-0: Called Strike
3-1: Foul Ball, location: 2F
3-2: Base on Balls
Batting: SHB Pedro Vázquez 0-0: Ball
1-0: Ball
2-0: Called Strike
2-1: Swinging Strike
2-2: Foul Ball, location: 2F
2-2: Ball
3-2: Foul Ball, location: 2F
3-2: Base on Balls
Jesús Reyes to second
Batting: LHB Manuel Domínguez 0-0: Ball
1-0: Ball
2-0: Ball
3-0: Fly out, F4 (Popup, 4MS)
Bottom of the 6th over - 0 runs, 0 hits, 0 errors, 2 left on base; Ft. Worth 5 - Athletic Club KC 1
TOP OF THE 7TH
Ft. Worth Cattlemen batting - Pitching for Athletic Club KC : RHP Juan Torres
Batting: SHB Robby Day 0-0: Ball
1-0: Called Strike
1-1: Ball
2-1: Fly out, F3 (Popup, 3SF)
Batting: SHB Javier Vázquez 0-0: Foul Ball, location: 2F
0-1: Ball
1-1: DOUBLE (Flyball, 78D)
Pitching: RHP Raúl Luna
Batting: LHB Chris Etheridge 0-0: Called Strike
0-1: Ball
1-1: Swinging Strike
1-2: Foul Ball, location: 2F
1-2: Strikes out looking
Batting: RHB Bart Lewis 0-0: Ball
1-0: SINGLE (Groundball, 6MD)
Javier Vázquez to third
Runner from 3rd tries for Home, SAFE, throw made home
Batting: RHB Gilberto Juárez 0-0: Ball
1-0: Foul Ball, location: 2F
1-1: Foul Ball, location: 2F
1-2: Strikes out looking
Top of the 7th over - 1 run, 2 hits, 0 errors, 1 left on base; Ft. Worth 6 - Athletic Club KC 1
BOTTOM OF THE 7TH
Athletic Club KC batting - Pitching for Ft. Worth Cattlemen : RHP Gustavo Pérez
Batting: RHB Richard Younger 0-0: Called Strike
0-1: Ball
1-1: Foul Ball, location: 2F
1-2: Ball
2-2: Fly out, F8 (Flyball, 8LS)
Batting: SHB Sang-your Yu 0-0: Fly out, F9 (Line Drive, 89D)
Batting: RHB Khal Drogo 0-0: Called Strike
0-1: Ground out 4-3 (Groundball, 4)
Bottom of the 7th over - 0 runs, 0 hits, 0 errors, 0 left on base; Ft. Worth 6 - Athletic Club KC 1
TOP OF THE 8TH
Ft. Worth Cattlemen batting - Pitching for Athletic Club KC : RHP Raúl Luna
Batting: LHB Rick Mayfield 0-0: Foul Ball, location: 2F
0-1: Ball
1-1: Foul Ball, location: 2F
1-2: Ball
2-2: Strikes out looking
Batting: SHB Roberto Mosca 0-0: Ground out 4-3 (Groundball, 4)
Batting: LHB Nobuo Yamashita 0-0: Called Strike
0-1: Swinging Strike
0-2: Strikes out swinging
Top of the 8th over - 0 runs, 0 hits, 0 errors, 0 left on base; Ft. Worth 6 - Athletic Club KC 1
BOTTOM OF THE 8TH
Athletic Club KC batting - Pitching for Ft. Worth Cattlemen : RHP Gustavo Pérez
Now in LF: Alan Elder
Batting: RHB Jesús Vargas 0-0: Called Strike
0-1: Ball
1-1: Ball
2-1: Ball
3-1: Foul Ball, location: 2F
3-2: Fly out, F6 (Line Drive, 6)
Batting: RHB Dong-min Cho 0-0: Fly out, F5 (Line Drive, 5S)
Batting: LHB Tsai Ng 0-0: Foul Ball, location: 2F
0-1: Swinging Strike
0-2: SINGLE (Flyball, 8LS)
Pitching: RHP Kyle Buckman
Batting: LHB Jesús Reyes 0-0: Called Strike
Pickoff Throw to First - Out!
Bottom of the 8th over - 0 runs, 1 hit, 0 errors, 0 left on base; Ft. Worth 6 - Athletic Club KC 1
TOP OF THE 9TH
Ft. Worth Cattlemen batting - Pitching for Athletic Club KC : RHP Raúl Luna
Batting: RHB Lloyd Alberink 0-0: Called Strike
0-1: Swinging Strike
0-2: Foul Ball, location: 2F
0-2: Strikes out swinging
Batting: SHB Robby Day 0-0: Ball
1-0: Ball
2-0: Called Strike
2-1: Called Strike
2-2: Strikes out swinging
Batting: SHB Javier Vázquez 0-0: Fly out, F4 (Popup, 4M)
Top of the 9th over - 0 runs, 0 hits, 0 errors, 0 left on base; Ft. Worth 6 - Athletic Club KC 1
BOTTOM OF THE 9TH
Athletic Club KC batting - Pitching for Ft. Worth Cattlemen : RHP Kyle Buckman
Batting: LHB Jesús Reyes 0-0: Called Strike
0-1: Swinging Strike
0-2: Ball
1-2: Foul Ball, location: 2F
1-2: Ball
2-2: Fly out, F9 (Line Drive, 9S)
Batting: SHB Pedro Vázquez 0-0: Called Strike
0-1: Ball
1-1: Called Strike
1-2: Foul Ball, location: 2F
1-2: Fly out, F8 (Flyball, 8LD)
Batting: LHB Manuel Domínguez 0-0: Ball
1-0: Foul Ball, location: 2F
1-1: Foul Ball, location: 2F
1-2: Foul Ball, location: 2F
1-2: Strikes out swinging
Bottom of the 9th over - 0 runs, 0 hits, 0 errors, 0 left on base; Ft. Worth 6 - Athletic Club KC 1
Sunday, March 18th, 2018 - OOTP Baseball 18.8 Build 76